 Dungeon Crawl Stone Soup version 0.24.1 (webtiles) character file.

Game seed: 1797464366063738768, levelgen mode: deterministic

53 Destapler the Sneak (level 3, -3/30 HPs)
             Began as a Draconian Wanderer on Mar 27, 2020.
             Slain by Sigmund
             ... wielding a +0 scythe
              (9 damage)
             ... on level 2 of the Dungeon.
             The game lasted 00:03:25 (1255 turns).

Destapler the Sneak (Draconian Wanderer)            Turns: 1255, Time: 00:03:27

Health: -3/30      AC:  6    Str: 14    XL:     3   Next: 64%
Magic:  4/4        EV: 11    Int: 10    God:
Gold:   41         SH:  0    Dex: 13    Spells: 2/2 levels left

rFire    . . .     SeeInvis .   a - +0 falchion
rCold    . . .     Gourm    .   (no shield)
rNeg     . . .     Faith    .   (armour unavailable)
rPois    .         Spirit   .   (helmet restricted)
rElec    .         Reflect  .   j - +0 cloak
rCorr    .         Harm     .   (no gloves)
MR       .....                  (no boots)
Stlth    ++........             (no amulet)
HPRegen  0.10/turn              (no ring)
MPRegen  0.09/turn              (no ring)

@: no status effects
A: unfitting armour, cold-blooded, AC +5
a: no special abilities


You were on level 2 of the Dungeon.
You were not hungry.

You visited 1 branch of the dungeon, and saw 2 of its levels.

You collected 41 gold pieces.

Inventory:

Hand Weapons
 a - a +0 falchion (weapon)
 d - a +0 dagger
Missiles
 g - 32 stones (quivered)
Armour
 j - a +0 cloak (worn)
Jewellery
 k - a +2 ring of evasion {unknown}
Wands
 b - a wand of flame (15)
Scrolls
 e - 2 scrolls of teleportation {unknown}
 i - a scroll of remove curse {unknown}
Potions
 c - a potion of curing
 h - a potion of magic {unknown}
 m - a potion of ambrosia {unknown}
Comestibles
 f - a ration
 l - 8 chunks of flesh


   Skills:
 + Level 2.8 Fighting
 + Level 2.4 Long Blades
 + Level 3.1 Stealth
   Level 1.0 Shields
 + Level 1.7 Unarmed Combat
 + Level 1.7 Evocations


You had 2 spell levels left.
You didn't know any spells.
Your spell library was empty.

Dungeon Overview and Level Annotations

Branches:
Dungeon (2/15)

Altars:

Annotations:
D:2 Sigmund


Innate Abilities, Weirdness & Mutations

Your plain brown scales are hard. (AC +5)
You cannot fit into any form of body armour.
You are cold-blooded and may be slowed by cold attacks.


Message History

The magic dart hits you.
* * * LOW HITPOINT WARNING * * *
You hit Sigmund but do no damage.
Sigmund is severely wounded.
Sigmund barely misses you.
A rat comes into view.
You hit Sigmund.
Sigmund is severely wounded.
Sigmund barely misses you.
You hit Sigmund.
Sigmund is almost dead.
Sigmund hits you with a +0 scythe!
* * * LOW HITPOINT WARNING * * *
You hit Sigmund.
You tail-slap Sigmund, but do no damage.
Sigmund is almost dead.
The rat bites you.
* * * LOW HITPOINT WARNING * * *
Sigmund hits you with a +0 scythe!
You die...

#
##...#.#.####.#
#
.....#.#.##...#
.#
..........#.#.#
.#
..........#.#.#
.
..........#...#
#
.............##
...###.#...##
... #.#...# ..
#@#...#
..##r@...##
..........#
#.#..#..#.#
#....#.##.#
#......# .#
......## ..
.#..#. #. ....
.#


You could see Sigmund and a rat.

Vanquished Creatures
  A gnoll (D:1)
  An adder (D:2)
  An ooze (D:1)
  2 leopard geckos (D:1)
  3 goblins
  8 hobgoblins
  A quokka (D:2)
  2 bats
  A frilled lizard (D:1)
  4 kobolds
  4 rats
28 creatures vanquished.

Notes
Turn   | Place    | Note
-------+----------+-------------------------------------------
     0 | D:1      | Destapler the Draconian Wanderer began the quest for the
                  | Orb.
     0 | D:1      | Destapler set off with the following items: a +0 falchion,
                  | a wand of flame (15), a potion of curing, a +0 dagger, a
                  | ration
     0 | D:1      | Reached XP level 1. HP: 17/17 MP: 1/1
   186 | D:1      | Reached XP level 2. HP: 23/25 MP: 1/3
   252 | D:1      | Reached skill level 3 in Stealth
   441 | D:1      | Reached XP level 3. HP: 25/30 MP: 4/4
  1236 | D:2      | Noticed Sigmund
  1255 | D:2      | Slain by Sigmund

Levels and vault maps discovered:
D:1:      sevenhm_arrival_forest_fort_small_4, layout_basic
D:2:      layout_rooms, uniq_sigmund

Skill      XL: |  1  2 |
---------------+-------+-----
Stealth        | 3 |  3.1
Fighting       | |  2.8
Long Blades    | |  2.4
Shields        | |  1.0
Unarmed Combat | |  1.7
Evocations     | |  1.7

Action                   || total
-------------------------++-------
Melee: Falchion          ||    84
       Tailslap          ||    10
 Stab: Sleeping          ||     5
  Eat: Chunk             ||     1
Armor: Skin              ||    19
Dodge: Dodged            ||    57
       Rpst.: Falchion   ||    21
